 Dungeon Crawl Stone Soup version 0.28.0 (webtiles) character file.

Game seed: 15978274162433036777

1200 GenialerGandalf the Cleaver (level 8, -12/70 HPs)
             Began as a Hill Orc Fighter on Feb 10, 2022.
             Was a Follower of Beogh.
             Mangled by an ogre (31 damage)
             ... on level 6 of the Dungeon.
             The game lasted 00:28:18 (8877 turns).

GenialerGandalf the Cleaver (Hill Orc Fighter)      Turns: 8877, Time: 00:28:20

Health: -12/70     AC: 13    Str: 23    XL:     8   Next: 44%
Magic:  10/10      EV:  9    Int: 10    God:    Beogh [*.....]
Gold:   230        SH: 12    Dex: 10    Spells: 7/7 levels left

rFire   . . .      SeeInvis .   a - +0 war axe
rCold   . . .      Faith    .   c - +2 buckler
rNeg    + . .      Spirit   .   b - +0 scale mail
rPois   .          Reflect  +   m - +0 helmet
rElec   .          Harm     .   e - +3 cloak of Divine Intervention {rCorr Str+4}
rCorr   +          Rampage  .   (no gloves)
Will    .....                   (no boots)
Stlth   ..........              o - amulet of reflection
HPRegen 0.21/turn               x - ring of positive energy
MPRegen 0.12/turn               (no ring)

@: studying Invocations
A: no striking features
a: Renounce Religion


You were on level 6 of the Dungeon.
You worshipped Beogh.
Beogh was aware of your devotion.
You visited 2 branches of the dungeon, and saw 7 of its levels.
You also visited: Sewer.

You collected 230 gold pieces.

Inventory:

Hand Weapons
 a - a +0 war axe (weapon)
Armour
 b - a +0 scale mail (worn)
 c - a +2 buckler (worn)
 e - the +3 cloak of Divine Intervention (worn) {rCorr Str+4}
   (You acquired it on level 4 of the Dungeon)

   Str:       It affects your strength (+4).
   rCorr:     It protects you from acid and corrosion.
 m - a +0 helmet (worn)
Jewellery
 o - an amulet of reflection (around neck)
 v - an amulet of the acrobat
 x - a ring of positive energy (left hand)
Wands
 r - a wand of paralysis (5)
Scrolls
 f - a scroll of silence
 h - 2 scrolls of blinking
 i - 4 scrolls of fear
 j - 2 scrolls of amnesia
 n - a scroll of immolation
 w - a scroll of fog
Potions
 g - 2 potions of curing {unknown}
 k - a potion of resistance {unknown}
 l - a potion of invisibility
 q - 2 potions of attraction
 s - a potion of brilliance {unknown}
 t - a potion of lignification {unknown}
 u - 2 potions of degeneration {unknown}


   Skills:
 * Level 5.7 Fighting
 * Level 8.8 Axes
 * Level 6.0 Armour
 * Level 5.4 Shields
 * Level 2.8 Invocations


You had 7 spell levels left.
You didn't know any spells.
Your spell library contained the following spells:

 Spells                   Type           Power      Damage    Failure   Level
 Ensorcelled Hibernation  Hex/Ice        0%         N/A       86%         2
 Static Discharge         Conj/Air       0%         N/A       86%         2
 Dazzling Flash           Conj/Hex       0%         N/A       98%         3
 Gell's Gravitas          Tloc           0%         N/A       98%         3
 Lesser Beckoning         Tloc           0%         N/A       98%         3
 Spider Form              Tmut/Pois      0%         N/A       98%         3
 Teleport Other           Tloc           0%         N/A       98%         3
 Anguish                  Hex/Necr       0%         N/A       100%        4
 Dispel Undead            Necr           0%         3d6       100%        4
 Sticky Flame             Conj/Fire      0%         2d3       100%        4
 Agony                    Necr           0%         N/A       100%        5
 Silence                  Hex/Air        0%         N/A       100%        5


Dungeon Overview and Level Annotations

Branches:
Dungeon (6/15)             Temple (1/1) D:4           Sewer (visited)

Altars:
Ashenzari
Cheibriados
Fedhas
Gozag
Hepliaklqana
Makhleb
Nemelex Xobeh
Okawaru
Qazlal
Vehumet
Wu Jian
Xom
Yredelemnul
The Shining One

Annotations:
D:5 1 runed translucent door, Crazy Yiuf


Message History

You destroy the wight!
Beogh accepts your kill.
Your life force feels restored.
Your Armour skill increases to level 6!
Things that are here:
a +4 battleaxe; a +0 robe You closely miss the white imp.
The white imp gestures at you. The puff of frost misses you.
You hit the white imp.
The white imp is heavily wounded.
You block the white imp's attack.
You closely miss the white imp.
The white imp is heavily wounded.
The white imp hits you. The white imp freezes you.
You completely miss the white imp.
The white imp is heavily wounded.
The white imp gestures at you.
The puff of frost hits you but does no damage.
The white imp gestures at you.
The puff of frost hits you but does no damage.
You barely miss the white imp.
The white imp is heavily wounded.
You block the white imp's attack.
You slash the white imp!
You kill the white imp!
Beogh accepts your kill.
No target in view!
An ogre comes into view. It is wielding a +0 giant spiked club.
The ogre shouts!
The ogre hits you with a +0 giant spiked club!
You are too injured to fight recklessly!
You are too injured to fight recklessly!
The ogre hits you with a +0 giant spiked club!
Keep disrobing?
* * * LOW HITPOINT WARNING * * *
You start removing your amulet.
You continue taking off your amulet of reflection.
The ogre hits you with a +0 giant spiked club!!
You die...

####### ...........
#..#.#. ..........
......#. ....... #......
...... #.....# .....#
#.....##.....# ....
#.......###..# #..
#..##...##..# ### #.. . #
###O@).#####.# #.###.
#.##......).# #..#..
#.........#..###.##..
.....#..#..###......#..
....##.....# #........#
...... #...### #...##...#
...... ##...#####..##...#
#..#.###..........###...#
. #..#..........# ##z..


You could see an ogre.

Vanquished Creatures
  Eustachio (D:5)
  Edmund (D:5)
  A necrophage (D:5)
  2 ogres
  4 wights (D:6)
  3 hounds
  An iguana (D:5)
  A hell rat (Sewer)
  2 hound skeletons
  A howler monkey zombie (D:6)
  4 gnolls
  A howler monkey skeleton (D:6)
  6 adders
  4 river rats
  A white imp (D:6)
  3 worms
  A dart slug (D:5)
  7 orcs
  8 ball pythons
  7 endoplasms
  9 giant cockroaches
  6 goblins
  6 hobgoblins
  3 jackals (D:3)
  10 kobolds
  6 quokkas
  7 bats
  5 frilled lizards
  10 rats
  87 bushes
208 creatures vanquished.

Vanquished Creatures (others)
  A kobold brigand (D:5)
  A scorpion (D:5)
  A jelly (D:5)
  An orc priest (D:5)
  An orc wizard (D:5)
  An adder (D:5)
  3 orcs (D:5)
  A kobold (D:3)
  28 plants
38 creatures vanquished.

Grand Total: 246 creatures vanquished

Notes
Turn   | Place    | Note
-------+----------+-------------------------------------------
     0 | D:1      | GenialerGandalf the Hill Orc Fighter began the quest for
                  | the Orb.
     0 | D:1      | Reached XP level 1. HP: 19/19 MP: 1/1
   110 | D:1      | Reached XP level 2. HP: 27/27 MP: 2/2
   492 | D:1      | Reached skill level 3 in Axes
   763 | D:2      | Reached XP level 3. HP: 33/33 MP: 3/3
  1214 | D:2      | Reached XP level 4. HP: 25/40 MP: 4/4
  1422 | D:2      | Found a faded altar of an unknown god.
  1803 | D:1      | Reached skill level 4 in Axes
  2512 | D:3      | Reached XP level 5. HP: 45/47 MP: 5/5
  5512 | D:4      | Found a blossoming altar of Fedhas.
  5513 | D:4      | Found a broken altar of Ashenzari.
  5603 | D:4      | Found an opulent altar of Gozag.
  5647 | D:4      | Found a staircase to the Ecumenical Temple.
  5679 | Temple   | Entered the Ecumenical Temple
  6748 | D:4      | Reached skill level 5 in Axes
  6824 | D:4      | Found a glowing golden altar of the Shining One.
  7089 | D:4      | Identified a scroll of acquirement
  7091 | D:4      | Acquired the +3 cloak of Divine Intervention {rCorr Str+4}
  7138 | D:5      | Entered Level 5 of the Dungeon
  7138 | D:5      | Noticed an ogre
  7141 | D:5      | Noticed a kobold brigand
  7146 | D:5      | Became a worshipper of Beogh the Brigand
  7152 | D:5      | Reached XP level 6. HP: 53/53 MP: 6/6
  7168 | D:5      | Reached skill level 5 in Armour
  7182 | D:5      | Reached skill level 6 in Axes
  7343 | D:5      | Noticed a necrophage
  7372 | D:5      | Killed a necrophage
  7373 | D:5      | Reached skill level 5 in Fighting
  7373 | D:5      | Reached XP level 7. HP: 50/61 MP: 7/7
  7389 | D:5      | Found a glowing drain.
  7393 | Sewer    | Entered a sewer
  7766 | D:5      | Reached * piety under Beogh
  7893 | D:5      | Reached skill level 7 in Axes
  7976 | D:5      | Found a runed translucent door.
  7977 | D:5      | Noticed Crazy Yiuf
  8059 | D:5      | Noticed Eustachio
  8069 | D:5      | Killed Eustachio
  8070 | D:5      | Reached skill level 5 in Shields
  8070 | D:5      | Reached skill level 1 in Invocations
  8267 | D:5      | Noticed Edmund
  8275 | D:5      | Killed Edmund
  8276 | D:5      | Reached skill level 8 in Axes
  8276 | D:5      | Reached XP level 8. HP: 53/69 MP: 7/9
  8478 | D:6      | Acquired a manual of Invocations
  8877 | D:6      | Mangled by an ogre

Illustrated notes

Levels and vault maps discovered:
D:1:      lordsloth_arrival_two_stooges, layout_loops_ring,
          wander_ebering_terrifying_dragon_lair
D:2:      layout_rooms, serial_forest, infiniplex_forest_lined_room_2,
          infiniplex_forest_clump_tiny, infiniplex_forest_lined_room_2,
          infiniplex_forest_lined_ring, infiniplex_forest_diagonal,
          infiniplex_forest_clump_double, hellmonk_ecumenical_altar_blasted,
          chequers_serial_rivers_large_b
D:3:      layout_loops_ring, minmay_misc_feat_diagonals, wad_floor_pattern_2,
          amcnicky_mini_rare_corridor_liquid, minmay_hedge_maze
D:4:      nicolae_cairo_tiling_large_dashed, layout_basic,
          mainiacjoe_overflow_brackets, mainiacjoe_overflow_divided_tiny,
          amcnicky_altar_gilded, minmay_temple_entry_overgrown, serial_rivers,
          chequers_serial_rivers_large_a, chequers_serial_rivers_small_3,
          chequers_serial_rivers_micro_b, chequers_serial_rivers_marsh,
          chequers_serial_rivers_small_3, chequers_serial_rivers_micro_d
D:5:      layout_rooms, gup_sewer_entry_bowl, uniq_edmund,
          uniq_crazy_yiuf_cottage, uniq_eustachio
D:6:      layout_cave_pools
Temple:   cyrus_temple_forest

Skill      XL: |  1  2  3  4  5  6  7  8 |
---------------+-------------------------+-----
Fighting       | 4 5 |  5.7
Axes           | 3 4 5 6 8 |  8.8
Armour         | 4 5 6 |  6.0
Shields        | 4 5 |  5.4
Invocations    | 1 2 |  2.8

Action                   |  1- 3 |  4- 6 |  7- 9 || total
-------------------------+-------+-------+-------++-------
Melee: War axe           |    99 |  2556 |   114 ||  2769
Invok: Convert to Beogh  |       |     1 |       ||     1
  Use: Scroll            |       |     8 |     4 ||    12
       Potion            |       |     1 |     2 ||     3
 Stab: Invisible         |       |     4 |       ||     4
Armor: Scale mail        |    40 |    63 |    38 ||   141
Dodge: Dodged            |    63 |    65 |    30 ||   158
Block: Buckler           |    24 |    92 |    63 ||   179
       Reflection        |       |     6 |     1 ||     7
